 Dungeon Crawl Stone Soup version 0.29.0-4-gdea44cf6ec (webtiles) character file.

Game seed: 14792526181477864526

67 qw the Chopper (level 4, -5/36 HPs)
             Began as a Barachi Chaos Knight on Sept 7, 2022.
             Killed from afar by Sigmund (13 damage)
             ... with a puff of flame
             ... on level 3 of the Dungeon.
             The game lasted 00:00:41 (1483 turns).

qw the Chopper (Barachi Chaos Knight)               Turns: 1483, Time: 00:00:41

Health: -5/36      AC:  8    Str: 11 (14) XL:     4   Next: 16%
Magic:  4/4        EV:  5    Int: 12      God:
Gold:   201        SH:  0    Dex: 11      Spells: 3/3 levels left

rFire   . . .      SeeInvis .   a - +7 broad axe of Gyxtann {flame, rC+}
rCold   + . .      Faith    .   (no shield)
rNeg    . . .      Spirit   .   m - +0 chain mail
rPois   .          Reflect  .   (no helmet)
rElec   .          Harm     .   (no cloak)
rCorr   .          Rampage  .   (no gloves)
Will    .....                   (no boots)
Stlth   ..........              (no amulet)
HPRegen 0.12/turn               (no ring)
MPRegen 0.09/turn               (no ring)

@: slow
A: amphibious, slowness 1, strong legs 1, +LOS, deterioration 1, mutation
resistance 1, screaming 1, weak 1
a: Hop


You were on level 3 of the Dungeon.
You visited 1 branch of the dungeon, and saw 3 of its levels.

You collected 201 gold pieces.


Innate Abilities, Weirdness & Mutations

You are amphibious.
You cover ground slowly.
You can hop short distances.
You have an extended range of vision and can be seen from far away.
Your body sometimes deteriorates upon taking damage.
You are somewhat resistant to further mutation.
You occasionally shout uncontrollably at your foes.
You are weak. (Str -2)


   Skills:
 - Level 3.6 Fighting
 + Level 5.4 Axes
 - Level 2.4 Armour
 - Level 1.1 Dodging


You had 3 spell levels left.
You didn't know any spells.
Your spell library was empty.

Inventory:

Hand Weapons
 a - the +7 broad axe of Gyxtann (weapon) {flame, rC+}
   (You acquired it on level 1 of the Dungeon)

   It burns those it strikes, dealing additional fire damage.
   Big, fiery blades are also staple armaments of hydra-hunters.
   rC:        It protects you from cold.
Armour
 m - a +0 chain mail (worn)
Potions
 b - a potion of might {unknown}
 d - a potion of curing
 h - a potion of attraction {unknown}
 l - a potion of ambrosia {unknown}
Miscellaneous
 c - a piece from Xom's chessboard (15/15)

Dungeon Overview and Level Annotations

Branches:
Dungeon (3/15)

Altars:

Annotations:
D:3 Sigmund


Message History

The kobold shouts!
You hear an angry hiss.
A ball python comes into view.
You ribbit at the ball python!
You hear a shout!
You slash the kobold! You burn the kobold.
You kill the kobold!
Sigmund the Dreaded comes into view.
He is wielding a +0 scythe.
You closely miss the ball python.
The ball python bites you but does no damage.
The ball python grabs you. The ball python constricts you.
Sigmund points at you and mumbles some strange words.
The magic dart hits you.
The ball python bites you but does no damage.
The ball python constricts you.
You slash the ball python! You burn the ball python.
You kill the ball python!
Sigmund casts a spell.
Sigmund flickers and vanishes!
Deactivating autopickup; reactivate with Ctrl-A.
You see here 2 scrolls labelled TOYTZA AQOLY.
You closely miss something. Something hits you but does no damage.
You barely miss something. Something hits you!
You hit something but do no damage. Something hits you.
You barely miss something. Something hits you.
Your body deteriorates!
You feel weakened.
You hit something. You burn something.
You hear some strange, mumbled words.
Something tries to affect you, but you resist.
You miss something. Something hits you!
You miss something.
A rat comes into view.
You hear some strange, mumbled words.
A puff of flame appears from out of thin air!
The puff of flame hits you!
You die...

.... ... #.. #########.#
#.#.......# #######..>.#
#..# ...........# #.?#
.######..#r###).#####...#
.......<.#......@{....#
.######.##########.####
#.# # ..# .... ####


You could see a rat.

Vanquished Creatures
  3 adders (D:2)
  A worm (D:2)
  8 ball pythons
  4 bats
  4 giant cockroaches (D:2)
  3 goblins
  4 hobgoblins
  A jackal (D:2)
  3 frilled lizards
  A kobold (D:3)
  3 rats
35 creatures vanquished.

Notes
Turn   | Place    | Note
-------+----------+-------------------------------------------
     0 | D:1      | qw the Barachi Chaos Knight began the quest for the Orb.
     0 | D:1      | Reached XP level 1. HP: 18/18 MP: 1/1
     0 | D:1      | 0 ||| qw: Version: 0.1-a-108-g9e35731
     0 | D:1      | 0 ||| qw: Game counter: 6488
     0 | D:1      | 0 ||| qw: Always use a shield: true
     0 | D:1      | 0 ||| qw: God list: Okawaru
     0 | D:1      | 0 ||| qw: Allow faded altars: false
     0 | D:1      | 0 ||| qw: Do Orc after D:15 true
     0 | D:1      | 0 ||| qw: Do second Lair branch before Depths: true
     0 | D:1      | 0 ||| qw: Lair rune preference: random
     0 | D:1      | 0 ||| qw: Plans: Normal
     0 | D:1      | 0 ||| PLANNING D:1-11
     0 | D:1      | Fell from the grace of Xom
   207 | D:1      | Reached XP level 2. HP: 24/24 MP: 2/2
   520 | D:1      | 520 ||| UPGRADING to +0 chain mail.
   530 | D:1      | 530 ||| DROPPING +2 leather armour.
   531 | D:1      | 531 ||| READING scroll labelled PAWUANK ERIDO.
   535 | D:1      | 535 ||| READING scroll labelled PEYTHR APYG.
   535 | D:1      | Identified a scroll of acquirement
   535 | D:1      | 535 ||| ACQUIRING +7 broad axe of Gyxtann {flame, rC+}
   535 | D:1      | Acquired the +7 broad axe of Gyxtann {flame, rC+}
   537 | D:1      | 537 ||| SWAPPING to +7 broad axe of Gyxtann {flame, rC+}.
   538 | D:1      | 538 ||| DROPPING +0 club.
   539 | D:1      | 539 ||| DROPPING +0 hand axe of chaos.
   540 | D:1      | 540 ||| READING scroll labelled DUSHEICSOU.
   541 | D:1      | 541 ||| READING 2 scrolls labelled REAL ZINAF.
   542 | D:1      | 542 ||| READING scroll labelled LUWKIBLUTUO.
   543 | D:1      | 543 ||| DRINKING 2 grey potions.
   544 | D:1      | 544 ||| DROPPING scroll of magic mapping.
   570 | D:2      | Reached skill level 4 in Axes
   573 | D:2      | Reached XP level 3. HP: 29/29 MP: 3/3
   672 | D:2      | 672 ||| Stepping ~*~*~tactically~*~*~ (stealth).
   685 | D:2      | 685 ||| Stepping ~*~*~tactically~*~*~ (stealth).
   712 | D:2      | Reached skill level 5 in Axes
   790 | D:2      | 790 ||| Stepping ~*~*~tactically~*~*~ (stealth).
   815 | D:2      | Reached XP level 4. HP: 36/36 MP: 4/4
   836 | D:2      | 836 ||| Stepping ~*~*~tactically~*~*~ (stealth).
   839 | D:2      | 839 ||| Stepping ~*~*~tactically~*~*~ (stealth).
   840 | D:2      | 840 ||| Stepping ~*~*~tactically~*~*~ (stealth).
   867 | D:2      | XOM: give mutations
   867 | D:2      | Gained mutation: You are somewhat resistant to further
                  | mutation. [Xom's mischief]
   867 | D:2      | Gained mutation: You are weak. (Str -2) [Xom's mischief]
   867 | D:2      | Gained mutation: Your body sometimes deteriorates upon
                  | taking damage. [Xom's mischief]
   867 | D:2      | Gained mutation: You occasionally shout uncontrollably at
                  | your foes. [Xom's mischief]
   910 | D:2      | XOM: stat loss: -2 Str (12/14)
  1043 | D:2      | 1043 ||| Stepping ~*~*~tactically~*~*~ (stealth).
  1098 | D:2      | XOM: torment (19/36 hp)
  1341 | D:2      | 1341 ||| Stepping ~*~*~tactically~*~*~ (stealth).
  1432 | D:2      | 1432 ||| READING scroll labelled YBURHEM LABBI.
  1471 | D:3      | Noticed Sigmund
  1482 | D:3      | HP: 8/36 [something (8)]
  1483 | D:3      | Killed from afar by Sigmund

Levels and vault maps discovered:
D:1:      nzn_arrival_settlement, layout_rooms, corexii_item_surrounded_by_moat,
          st_stairs_6
D:2:      layout_loops_ring, minivault_4, st_stairs_11, minmay_cut_off
D:3:      layout_loops_ring, shapermc_ecumenical_altar_rom_forum,
          grunt_ministairs_9, uniq_sigmund

Skill      XL: |  1  2  3 |
---------------+----------+-----
Axes           | 4 5 |  5.4
Fighting       | |  3.6
Armour         | |  2.4
Dodging        | |  1.1

Action                   |  1- 3 |  4- 6 || total
-------------------------+-------+-------++-------
Melee: Hand axe          |    21 |       ||    21
       Broad axe         |    30 |    24 ||    54
Invok: Renounce Religion |     1 |       ||     1
  Use: Scroll            |     5 |     1 ||     6
       Potion            |     1 |       ||     1
Armor: Leather armour    |     5 |       ||     5
       Chain mail        |    14 |     9 ||    23
Dodge: Dodged            |    23 |     4 ||    27

Table legend:
 A = Non-vault XP
 B = Vault XP
 C = Vault XP percentage of total XP
 D = Non-vault monster count
 E = Vault monster count
 F = Vault count percentage of total count
                 A         B        C        D         E       F
            +---------+---------+-------+---------+---------+-------
      Total |      56 |      40 |  41.7 |      26 |       9 |  25.7
            +---------+---------+-------+---------+---------+-------
        D:1 |      10 |       2 |  16.7 |       6 |       1 |  14.3
        D:2 |      43 |      38 |  46.9 |      18 |       8 |  30.8
        D:3 |       3 |       0 |   0.0 |       2 |       0 |   0.0
            +---------+---------+-------+---------+---------+-------
